 Dungeon Sprint DCSS version 0.30-a0-737-gf23d94013f (webtiles) character file.

Game seed: 15485350648840786398

45221 BigDaddyOpFi the Octopoid Cataclysm (level 27, -16/217 HPs)
             Began as an Octopode Fighter on Feb 2, 2023.
             Was a High Priest of Qazlal.
             Demolished by Antaeus (73 damage)
             ... in the Dungeon (Sprint VI: "Thunderdome").
             The game lasted 00:30:13 (5316 turns).

BigDaddyOpFi the Octopoid Cataclysm (OpFi)          Turns: 5316, Time: 00:30:14

Health: -16/217    AC:  1    Str: 26    XL:     27
Magic:  18/31      EV: 54    Int: 12    God:    Qazlal [*****.]
Gold:   4026       SH: 44    Dex: 36    Spells: 26/26 levels left

rFire   + + .      SeeInvis +    k - +8 broad axe (heavy)
rCold   + + +      Faith    .    K - +1 tower shield "Doodgh" {rC+}
rNeg    + + +      Spirit   .    I - +0 hat of Guch {rC+ Regen+ Int-4}
rPois   +          Reflect  +    n - amulet of Areuppug {Reflect Dex+3 Slay+6 SH+5}
rElec   +          Harm     .    o - ring of a Hundred Dreams {Wiz Will++ MP-9}
rCorr   +          Rampage  .    p - ring of Pepuat {rF+ rCorr Dex+3}
Will    +++++      NoTele   +    r - ring "Xeih" {rPois rC+ Dex+6}
Stlth   ++                       y - ring "Qixyb" {*Slow rPois rC+ rN+++ Dex+6}
HPRegen 1.36/turn                z - ring "Zepuur" {rElec Will+++ EV+5 Int-5 Stlth+}
MPRegen 0.22/turn                v - ring "Niatuh" {+Blink rPois Int+3 Dex+6}
                                 x - ring "Qaub" {rElec rF+ rC+ Int+2 SInv}
                                 w - ring "Wuraip" {Fly rC+ Int+3}

@: flying, repel missiles, unable to read
A: almost no armour, amphibious, 8 rings, camouflage 1, gelatinous body 1,
(nimble swimmer 1), tentacles, tentacle spike 1, screaming 2, subdued magic 1,
inability to read after injury 1
}: 5/15 runes: decaying, slimy, silver, gossamer, mossy
a: Renounce Religion, Evoke Blink, Upheaval, Elemental Force, Disaster Area


You were in the Dungeon.
You worshipped Qazlal.
Qazlal was extremely pleased with you.
You visited 1 branch You collected 16760 gold pieces.
You spent 12734 gold pieces at shops.

Inventory:

Hand Weapons
 k - a +8 heavy broad axe (weapon)
 G - a +10 club
Armour
 b - a +3 buckler
 B - the +2 hat of Mico Ykh {-Cast -Tele rPois Stlth+}
   (You bought it in a shop in the Dungeon)

   rPois:     It protects you from poison.
   -Cast:     It prevents spellcasting.
   -Tele:     It prevents most forms of teleportation.
   Stlth:     It makes you more stealthy.
 E - the +0 buckler of the Poles {rPois Int+3}
   (You bought it in a shop in the Dungeon)

   Int:       It affects your intelligence (+3).
   rPois:     It protects you from poison.
 F - the +1 buckler of Inothroki {rN+ Stlth+}
   (You bought it in a shop in the Dungeon)

   rN:        It protects you from negative energy.
   Stlth:     It makes you more stealthy.
 H - the +1 kite shield of Light {rC+ Int+4 Stlth+}
   (You bought it in a shop in the Dungeon)

   Int:       It affects your intelligence (+4).
   rC:        It protects you from cold.
   Stlth:     It makes you more stealthy.
 I - the +0 hat of Guch (worn) {rC+ Regen+ Int-4}
   (You found it in the Dungeon)

   Int:       It affects your intelligence (-4).
   rC:        It protects you from cold.
   Regen:     It increases your rate of health regeneration.
 K - the +1 tower shield "Doodgh" (worn) {rC+}
   (You bought it in a shop in the Dungeon)

   rC:        It protects you from cold.
 N - the +0 kite shield of Adghej {+Blink rF- rN++ Will+}
   (You found it in the Dungeon)

   rF:        It makes you vulnerable to fire.
   rN:        It greatly protects you from negative energy.
   +Blink:    It lets you blink.
   Will:      It increases your willpower.
Jewellery
 a - the amulet "Ceruqeh" {Acrobat Rampage Dex+3}
   (You bought it in a shop in the Dungeon)

   [amulet of the acrobat]

   It increases your evasion while moving and waiting.
   Dex:       It affects your dexterity (+3).
   Rampage:   It bestows one free step when moving towards enemies.
 l - the amulet "Dyen" {rElec rPois Regen+}
   (You bought it in a shop in the Dungeon)

   [amulet of regeneration]

   rElec:     It insulates you from electricity.
   rPois:     It protects you from poison.
   Regen:     It increases your rate of health regeneration.
 n - the amulet of Areuppug (around mantle) {Reflect Dex+3 Slay+6 SH+5}
   (You bought it in a shop in the Dungeon)

   [amulet of reflection]

   It reflects blocked missile attacks.
   Dex:       It affects your dexterity (+3).
   Slay:      It affects your accuracy & damage with ranged weapons and melee
   (+6).
   SH:        It affects your SH (+5).
 o - the ring of a Hundred Dreams (left tentacle) {Wiz Will++ MP-9}
   (You bought it in a shop in the Dungeon)

   [ring of wizardry]

   It improves your spell success rate.
   MP:        It affects your magic capacity (-9).
   Will:      It greatly increases your willpower.
 p - the ring of Pepuat (right tentacle) {rF+ rCorr Dex+3}
   (You bought it in a shop in the Dungeon)

   [ring of protection from fire]

   Dex:       It affects your dexterity (+3).
   rF:        It protects you from fire.
   rCorr:     It protects you from acid and corrosion.
 q - the ring of Saisosh {rF+ Str+5 Int+6 Slay-4}
   (You bought it in a shop in the Dungeon)

   [ring of intelligence]

   Str:       It affects your strength (+5).
   Int:       It affects your intelligence (+6).
   Slay:      It affects your accuracy & damage with ranged weapons and melee
   (-4).
   rF:        It protects you from fire.
 r - the ring "Xeih" (on tentacle) {rPois rC+ Dex+6}
   (You bought it in a shop in the Dungeon)

   [ring of dexterity]

   Dex:       It affects your dexterity (+6).
   rC:        It protects you from cold.
   rPois:     It protects you from poison.
 s - the ring of Poug {rPois rC++ Will+ Str-2 Dex+3}
   (You bought it in a shop in the Dungeon)

   [ring of willpower]

   Str:       It affects your strength (-2).
   Dex:       It affects your dexterity (+3).
   rC:        It greatly protects you from cold.
   rPois:     It protects you from poison.
   Will:      It increases your willpower.
 t - the ring of Immorality {Will+ Int+3}
   (You bought it in a shop in the Dungeon)

   [ring of willpower]

   Int:       It affects your intelligence (+3).
   Will:      It increases your willpower.
 v - the ring "Niatuh" (on tentacle) {+Blink rPois Int+3 Dex+6}
   (You bought it in a shop in the Dungeon)

   [ring of dexterity]

   Int:       It affects your intelligence (+3).
   Dex:       It affects your dexterity (+6).
   rPois:     It protects you from poison.
   +Blink:    It lets you blink.
 w - the ring "Wuraip" (on tentacle) {Fly rC+ Int+3}
   (You bought it in a shop in the Dungeon)

   [ring of flight]

   Int:       It affects your intelligence (+3).
   rC:        It protects you from cold.
   Fly:       It grants you flight.
 x - the ring "Qaub" (on tentacle) {rElec rF+ rC+ Int+2 SInv}
   (You bought it in a shop in the Dungeon)

   [ring of see invisible]

   Int:       It affects your intelligence (+2).
   rF:        It protects you from fire.
   rC:        It protects you from cold.
   rElec:     It insulates you from electricity.
   SInv:      It lets you see invisible.
 y - the ring "Qixyb" (on tentacle) {*Slow rPois rC+ rN+++ Dex+6}
   (You bought it in a shop in the Dungeon)

   [ring of dexterity]

   Dex:       It affects your dexterity (+6).
   rC:        It protects you from cold.
   rPois:     It protects you from poison.
   rN:        It renders you almost immune to negative energy.
   *Slow:     It may slow you when you take damage.
 z - the ring "Zepuur" (on tentacle) {rElec Will+++ EV+5 Int-5 Stlth+}
   (You bought it in a shop in the Dungeon)

   [ring of evasion]

   EV:        It affects your evasion (+5).
   Int:       It affects your intelligence (-5).
   rElec:     It insulates you from electricity.
   Will:      It greatly increases your willpower.
   Stlth:     It makes you more stealthy.
 A - the amulet of Scepticism {Reflect SH+5 Stlth+}
   (You bought it in a shop in the Dungeon)

   [amulet of reflection]

   It reflects blocked missile attacks.
   SH:        It affects your SH (+5).
   Stlth:     It makes you more stealthy.
 C - the amulet "Dimiro" {Faith Rampage rPois}
   (You bought it in a shop in the Dungeon)

   [amulet of faith]

   It allows you to gain divine favour quickly.
   rPois:     It protects you from poison.
   Rampage:   It bestows one free step when moving towards enemies.
 D - the amulet "Omyim" {Reflect Rampage Regen+ Int-4 SH+5}
   (You bought it in a shop in the Dungeon)

   [amulet of reflection]

   It reflects blocked missile attacks.
   Int:       It affects your intelligence (-4).
   Regen:     It increases your rate of health regeneration.
   SH:        It affects your SH (+5).
   Rampage:   It bestows one free step when moving towards enemies.
 M - a ring of willpower
Scrolls
 i - 28 scrolls of blinking
 m - 3 scrolls of fog
 P - 5 scrolls of enchant armour
Potions
 c - a potion of might
 d - 7 potions of curing
 e - 34 potions of heal wounds
 f - 4 potions of haste
 g - 2 potions of magic
 h - a potion of berserk rage
 j - a potion of resistance
Miscellaneous
 u - a phial of floods
 J - a quad damage
 L - a quad damage
 O - a quad damage


   Skills:
 + Level 25.5 Fighting
 + Level 25.5 Axes
 + Level 25.6 Dodging
 + Level 25.6 Shields
 + Level 26.4 Invocations
 + Level 23.7 Evocations


You had 26 spell levels left.
You didn't know any spells.
Your spell library was empty.

Dungeon Overview and Level Annotations

Branches:
Dungeon (1/1)

Altars:
Cheibriados
Dithmenos
Fedhas
Gozag
Kikubaaqudgha
Makhleb
Okawaru
Qazlal
Ru
Sif Muna
Trog
Uskayaw
Vehumet
Wu Jian
Xom
Yredelemnul
Zin
The Shining One
Lugonu

Shops:
D [??*?*:[((!!!

Annotations:
D Antaeus


Innate Abilities, Weirdness & Mutations

You cannot wear most types of armour.
You are amphibious.
You can wear up to eight rings at the same time.
Your skin changes colour to match your surroundings (Stealth+).
Your rubbery body absorbs attacks. (AC +1, EV +1)
((You are camouflaged when in or above water. (Stealth+)))
You have tentacles for arms and can constrict up to eight enemies at once.
One of your tentacles bears a spike.
You frequently scream uncontrollably at your foes.
Your spells are a little easier to cast, but a little less powerful.
You occasionally lose the ability to read scrolls when taking damage.


Message History

a +0 robe; a +0 dagger You chop Antaeus into pieces!!!
Your tentacle spike misses Antaeus.
You squeeze Antaeus, but do no damage.
Antaeus is heavily wounded.
Your air elemental hits Antaeus but does no damage. x2
Antaeus gestures at you. The bolt of lightning misses you.
Your air elemental hits Antaeus but does no damage.
You slice Antaeus like a ripe choko!!!
You pierce Antaeus, but do no damage.
Antaeus is heavily wounded.
Your air elemental disappears in a puff of smoke!
Antaeus hits you!!!
* * * LOW HITPOINT WARNING * * *
Antaeus freezes you. You resist.
* * * LOW HITPOINT WARNING * * *
You block Antaeus's attack.
You open Antaeus like a pillowcase!!!!
You pierce Antaeus, but do no damage.
Your squeeze misses Antaeus.
Antaeus is heavily wounded.
You block Antaeus's attack. x2
You chop Antaeus into pieces!!!
You pierce Antaeus, but do no damage.
You squeeze Antaeus.
Antaeus is severely wounded.
You block Antaeus's attack. x2
You hit Antaeus but do no damage.
You pierce Antaeus, but do no damage.
You squeeze Antaeus, but do no damage.
Antaeus is severely wounded.
Antaeus hits you!!!
* * * LOW HITPOINT WARNING * * *
Antaeus freezes you! You resist.
* * * LOW HITPOINT WARNING * * *
You block Antaeus's attack.
You feel much better. You block Antaeus's attack. x2
You feel much better. Antaeus gestures at you. The bolt of lightning hits you!!
You resist.
* * * LOW HITPOINT WARNING * * *
You feel much better. Antaeus hits you!!!!
You feel threatened and lose the ability to read scrolls!
You die...

######.8......)..8.######
#.___)..[).###.).().___∩##
∩.......[..##..8........∩###
.....))....#.#..[)≈≈.≈...).##
..))......#...###.[.[)))...⌠#
.)..[[......0.# #.[...≈))).⌠#
...[[C....#..)###§)...≈....⌠#
...≈.[.....###..§)°.)......##
∩..≈≈....8.# #)8@.)..[..∩###
#∩___....[)###.C☼.)).≈_∩##
######.8...÷.)○..8)######
#⌠).)[.......)#
###[[....)..### #_.)....._#
#_.....[._# #_.)....._#
#∩.)))...∩#


You could see Antaeus.

Vanquished Creatures
  Tiamat (D)
  An ancient lich (D)
  Agnes (D)
  5 Killer Klowns (D)
  A golden dragon (D)
  3 Hell Sentinels (D)
  9 Orb Guardians (D)
  A titan (D)
  11 acid blobs (D)
  5 quicksilver dragons (D)
  2 azure jellies (D)
  2 nagarajas (D)
  6 iron dragons (D)
  An emperor scorpion (D)
  6 ghost moths (D)
  4 quicksilver oozes (D)
  3 cacodemons (D)
  A stone giant (D)
  4 wolf spiders (D)
  9 lorocyprocas (D)
  3 red draconians (D)
  5 white draconians (D)
  3 black draconians (D)
  2 merfolk javelineers (D)
  2 eidola (D)
  9 ettins (D)
  6 merfolk impalers (D)
  4 yaktaur captains (D)
  2 great orbs of eyes (D)
  2 vault guards (D)
  3 wizards (D)
  A salamander tyrant (D)
  19 centaur warriors (D)
  5 merfolk aquamancers (D)
  5 boulder beetles (D)
  3 anacondas (D)
  3 iron elementals (D)
  A naga warrior (D)
  6 hell knights (D)
  2 iron trolls (D)
  A naga ritualist (D)
  12 orb spiders (D)
  A bog body (D)
  3 necromancers (D)
  4 deep elf pyromancers (D)
  2 deep elf zephyrmancers (D)
  9 moths of wrath (D)
  8 ugly things (D)
  10 shining eyes (D)
  2 guardian serpents (D)
  5 rust devils (D)
  A black mamba (D)
  2 naga magi (D)
  A demonic crawler (D)
  3 gargoyles (D)
  10 yaktaurs (D)
  A merfolk (D)
  4 slime creatures (D)
  4 air elementals (D)
  3 wraiths (D)
  6 neqoxecs (D)
  A steam dragon (D)
  A redback (D)
  2 floating eyes (D)
  An orc warrior (D)
  3 sky beasts (D)
  Blork the orc (D)
  6 earth elementals (D)
  An orc priest (D)
  3 iron imps (D)
  An orc wizard (D)
  A lightning spire (D)
  6 orcs (D)
281 creatures vanquished.

Vanquished Creatures (others)
  A harpy (D)
1 creature vanquished.

Grand Total: 282 creatures vanquished

Notes
Turn   | Place    | Note
-------+----------+-------------------------------------------
     0 | D        | BigDaddyOpFi the Octopode Fighter began the quest for the
                  | Orb.
     0 | D        | Reached XP level 1. HP: 16/16 MP: 1/1
     4 | D        | Found a snail-covered altar of Cheibriados.
     5 | D        | Found an ancient bone altar of Kikubaaqudgha.
     5 | D        | Found a sacrificial altar of Ru.
     5 | D        | Round 1.
     6 | D        | Found an opulent altar of Gozag.
     6 | D        | Found a radiant altar of Vehumet.
     7 | D        | Found a glowing silver altar of Zin.
     7 | D        | Found a basalt altar of Yredelemnul.
     7 | D        | Found Syohaumn's Identification Station.
     7 | D        | Noticed an orc wizard
     8 | D        | Found Misatian's Jewellery.
     8 | D        | Found Fismuggi's Advanced Armour.
    16 | D        | Bought a clouded ivory amulet for 45 gold pieces
    16 | D        | Identified the amulet of Areuppug {Reflect Dex+3 Slay+6
                  | SH+5} (You bought it in a shop in the Dungeon)
    16 | D        | Bought a coiled glass ring for 45 gold pieces
    16 | D        | Identified the ring of a Hundred Dreams {Wiz Will++ MP-9}
                  | (You bought it in a shop in the Dungeon)
    16 | D        | Bought a crude jade ring for 45 gold pieces
    16 | D        | Identified the ring of Pepuat {rF+ rCorr Dex+3} (You bought
                  | it in a shop in the Dungeon)
    16 | D        | Bought a clouded copper ring for 45 gold pieces
    16 | D        | Identified the ring of Saisosh {rF+ Str+5 Int+6 Slay-4}
                  | (You bought it in a shop in the Dungeon)
    17 | D        | Noticed an orc priest
    27 | D        | Killed an orc priest
    28 | D        | Reached XP level 2. HP: 20/22 MP: 0/2
    28 | D        | Reached XP level 3. HP: 25/27 MP: 0/3
    39 | D        | Noticed an orc warrior
    40 | D        | Reached XP level 4. HP: 24/34 MP: 0/4
    40 | D        | Found a stormy altar of Qazlal.
    41 | D        | Found a shadowy altar of Dithmenos.
    44 | D        | Found Mugopor's Premium Goods.
    51 | D        | Killed an orc warrior
    52 | D        | Reached skill level 5 in Fighting
    52 | D        | Reached skill level 5 in Axes
    52 | D        | Reached skill level 5 in Dodging
    52 | D        | Reached skill level 5 in Shields
    52 | D        | Reached XP level 5. HP: 26/41 MP: 0/5
    60 | D        | Found Hiemenk's Miscellaneous Merchandise.
    60 | D        | Found Izxododd's Basic Armour.
    63 | D        | Arena points: 12 (+12) [x2]
    68 | D        | Became a worshipper of Qazlal Stormbringer
   111 | D        | Found Gimerho's Weapon Rack.
   111 | D        | Found a burning altar of Makhleb.
   111 | D        | Found a shimmering blue altar of Sif Muna.
   111 | D        | Found a blossoming altar of Fedhas.
   141 | D        | Round 2.
   143 | D        | Noticed Blork the orc
   145 | D        | Reached * piety under Qazlal
   151 | D        | Killed Blork the orc
   151 | D        | Arena points: 48 (+36) [x3]
   152 | D        | Reached XP level 6. HP: 35/47 MP: 0/6
   162 | D        | Bought a flickering jade ring for 45 gold pieces
   162 | D        | Identified the ring "Xeih" {rPois rC+ Dex+6} (You bought it
                  | in a shop in the Dungeon)
   162 | D        | Bought a faintly glowing silver ring for 45 gold pieces
   162 | D        | Identified the ring of Poug {rPois rC++ Will+ Str-2 Dex+3}
                  | (You bought it in a shop in the Dungeon)
   202 | D        | Found an iron altar of Okawaru.
   203 | D        | Found Vunkaar's Magic Scroll Shop.
   204 | D        | Found Iheblum's Magic Scroll Shop.
   204 | D        | Found Maxt's Must-Have Magic.
   211 | D        | Found Quex's Staff Store.
   211 | D        | Found a shimmering altar of Xom.
   211 | D        | Found an ornate altar of the Wu Jian Council.
   222 | D        | Found a hide-covered altar of Uskayaw.
   223 | D        | Round 3.
   226 | D        | Found a corrupted altar of Lugonu.
   226 | D        | Found a bloodstained altar of Trog.
   226 | D        | Found Winuth's Distillery.
   226 | D        | Found Ibexovuo's Distillery.
   227 | D        | Found Pezem's Bottled Wisdom.
   233 | D        | Found Odeaneim's Do-It-Yourself Clinic.
   233 | D        | Found a glowing golden altar of the Shining One.
   255 | D        | Noticed a deep elf zephyrmancer
   257 | D        | Noticed a deep elf pyromancer
   262 | D        | Killed a deep elf zephyrmancer
   262 | D        | Reached ** piety under Qazlal
   263 | D        | Reached XP level 7. HP: 47/56 MP: 0/7
   268 | D        | Killed a deep elf pyromancer
   269 | D        | Reached XP level 8. HP: 42/63 MP: 0/8
   301 | D        | Noticed a deep elf zephyrmancer
   303 | D        | Noticed a deep elf pyromancer
   310 | D        | Killed a deep elf pyromancer
   311 | D        | Reached skill level 10 in Fighting
   311 | D        | Reached skill level 10 in Dodging
   311 | D        | Reached skill level 10 in Shields
   314 | D        | Noticed a deep elf pyromancer
   315 | D        | Killed a deep elf zephyrmancer
   316 | D        | Reached skill level 10 in Axes
   316 | D        | Reached XP level 9. HP: 36/71 MP: 0/9
   320 | D        | Killed a deep elf pyromancer
   320 | D        | Reached *** piety under Qazlal
   334 | D        | Noticed a deep elf pyromancer
   339 | D        | Killed a deep elf pyromancer
   339 | D        | Arena points: 132 (+84) [x4]
   359 | D        | Bought a +0 broad axe for 120 gold pieces
   411 | D        | Round 4.
   501 | D        | Gained mutation: You are dopey. (Int -2) [a neqoxec]
   531 | D        | Gained mutation: Potions are less effective at restoring
                  | your health. [a neqoxec]
   535 | D        | Reached **** piety under Qazlal
   539 | D        | Reached XP level 10. HP: 80/80 MP: 1/10
   539 | D        | Gained mutation: You are frail. (-10% HP) [a neqoxec]
   540 | D        | Gained mutation: You occasionally shout uncontrollably at
                  | your foes. [a neqoxec]
   543 | D        | Reached skill level 1 in Invocations
   545 | D        | Arena points: 272 (+140) [x5]
   546 | D        | Reached skill level 2 in Invocations
   591 | D        | Round 5.
   596 | D        | Noticed a bog body
   597 | D        | Noticed a witch
   604 | D        | Killed a bog body
   604 | D        | Reached ***** piety under Qazlal
   605 | D        | Reached skill level 4 in Invocations
   607 | D        | Noticed an eight-headed hydra
   643 | D        | Noticed an alligator
   647 | D        | Killed a witch
   647 | D        | Arena points: 552 (+280) [x7]
   648 | D        | Reached skill level 5 in Invocations
   650 | D        | Got a decaying rune of Zot
   652 | D        | Reached XP level 11. HP: 26/77 MP: 4/15
   817 | D        | Bought a translucent platinum ring for 45 gold pieces
   817 | D        | Identified the ring of Immorality {Will+ Int+3} (You bought
                  | it in a shop in the Dungeon)
   817 | D        | Bought a sparkling turquoise ring for 45 gold pieces
   817 | D        | Identified the ring "Niatuh" {+Blink rPois Int+3 Dex+6}
                  | (You bought it in a shop in the Dungeon)
   817 | D        | Bought a smoking golden ring for 45 gold pieces
   817 | D        | Identified the ring "Wuraip" {Fly rC+ Int+3} (You bought it
                  | in a shop in the Dungeon)
   817 | D        | Bought a scorched golden ring for 45 gold pieces
   817 | D        | Identified the ring "Qaub" {rElec rF+ rC+ Int+2 SInv} (You
                  | bought it in a shop in the Dungeon)
   817 | D        | Bought a glittering lead ring for 45 gold pieces
   817 | D        | Identified the ring "Qixyb" {*Slow rPois rC+ rN+++ Dex+6}
                  | (You bought it in a shop in the Dungeon)
   822 | D        | Bought a warped amber ring for 45 gold pieces
   822 | D        | Identified the ring "Zepuur" {rElec Will+++ EV+5 Int-5
                  | Stlth+} (You bought it in a shop in the Dungeon)
   829 | D        | Round 6.
   917 | D        | Noticed an eidolon
   932 | D        | Killed an eidolon
   933 | D        | Reached skill level 6 in Invocations
   949 | D        | Noticed an eidolon
   958 | D        | Killed an eidolon
   959 | D        | Reached skill level 7 in Invocations
   974 | D        | Reached skill level 8 in Invocations
   996 | D        | Noticed a phantasmal warrior
  1000 | D        | Arena points: 588 (+36) [x1]
  1014 | D        | Bought a scroll of brand weapon for 95 gold pieces
  1015 | D        | Round 7.
  1098 | D        | Paralysed by an air elemental for 1 turns
  1101 | D        | Reached ****** piety under Qazlal
  1122 | D        | Reached skill level 9 in Invocations
  1135 | D        | Arena points: 728 (+140) [x2]
  1212 | D        | Round 8.
  1212 | D        | Noticed a cyan ugly thing
  1219 | D        | Killed a cyan ugly thing
  1260 | D        | Noticed a cyan ugly thing
  1265 | D        | Killed a cyan ugly thing
  1282 | D        | Noticed a green ugly thing
  1287 | D        | Killed a green ugly thing
  1288 | D        | Reached skill level 10 in Invocations
  1288 | D        | Reached XP level 12. HP: 83/84 MP: 10/19
  1352 | D        | Reached skill level 11 in Invocations
  1353 | D        | Arena points: 944 (+216) [x3]
  1417 | D        | Round 9.
  1475 | D        | Noticed a boulder beetle
  1492 | D        | Killed a boulder beetle
  1493 | D        | Reached skill level 12 in Invocations
  1505 | D        | Noticed an iron troll
  1517 | D        | Killed an iron troll
  1521 | D        | Arena points: 1340 (+396) [x4]
  1533 | D        | Bought 8 scrolls of enchant weapon for 600 gold pieces
  1574 | D        | Round 10.
  1584 | D        | Arena points: 1880 (+540) [x6]
  1587 | D        | Got a gossamer rune of Zot
  1609 | D        | Reached skill level 13 in Invocations
  1609 | D        | Reached XP level 13. HP: 91/91 MP: 13/22
  1755 | D        | Round 11.
  1768 | D        | Reached skill level 1 in Evocations
  1832 | D        | Reached skill level 15 in Dodging
  1832 | D        | Reached skill level 15 in Shields
  1902 | D        | Reached skill level 15 in Fighting
  1906 | D        | Reached skill level 15 in Axes
  1906 | D        | Reached skill level 14 in Invocations
  1907 | D        | Arena points: 2650 (+770) [x7]
  1953 | D        | Round 12.
  1959 | D        | Bought a scroll of brand weapon for 95 gold pieces
  2012 | D        | Reached skill level 5 in Evocations
  2030 | D        | Bought a vibrating diamond amulet for 45 gold pieces
  2030 | D        | Identified the amulet "Ceruqeh" {Acrobat Rampage Dex+3}
                  | (You bought it in a shop in the Dungeon)
  2030 | D        | Bought a shimmering sapphire amulet for 45 gold pieces
  2030 | D        | Identified the amulet "Dyen" {rElec rPois Regen+} (You
                  | bought it in a shop in the Dungeon)
  2030 | D        | Bought a fine amethyst amulet for 45 gold pieces
  2030 | D        | Identified the amulet of Scepticism {Reflect SH+5 Stlth+}
                  | (You bought it in a shop in the Dungeon)
  2030 | D        | Bought a twitching bone amulet for 45 gold pieces
  2030 | D        | Identified the amulet "Dimiro" {Faith Rampage rPois} (You
                  | bought it in a shop in the Dungeon)
  2030 | D        | Bought a sparkling golden amulet for 45 gold pieces
  2030 | D        | Identified the amulet "Omyim" {Reflect Rampage Regen+ Int-4
                  | SH+5} (You bought it in a shop in the Dungeon)
  2046 | D        | Bought a faintly glowing buckler for 332 gold pieces
  2046 | D        | Identified the +0 buckler of the Poles {rPois Int+3} (You
                  | bought it in a shop in the Dungeon)
  2046 | D        | Bought a warped buckler for 332 gold pieces
  2046 | D        | Identified the +1 buckler of Inothroki {rN+ Stlth+} (You
                  | bought it in a shop in the Dungeon)
  2047 | D        | Noticed an iron dragon
  2063 | D        | Killed an iron dragon
  2076 | D        | Reached XP level 14. HP: 50/99 MP: 15/24
  2106 | D        | Arena points: 2770 (+120) [x1]
  2112 | D        | Bought 3 potions of heal wounds for 105 gold pieces
  2112 | D        | Bought 3 potions of heal wounds for 105 gold pieces
  2112 | D        | Bought 3 potions of heal wounds for 105 gold pieces
  2121 | D        | Round 13.
  2180 | D        | Gained mutation: Your spells are a little easier to cast,
                  | but a little less powerful. [a shining eye]
  2182 | D        | Gained mutation: You have hidden genetic defects. [a
                  | shining eye]
  2203 | D        | Gained mutation: You are partially covered in iridescent
                  | scales. (AC +2) [a shining eye]
  2206 | D        | Gained mutation: You sometimes lose your temper in combat.
                  | [a shining eye]
  2215 | D        | Gained mutation: Your body sometimes deteriorates upon
                  | taking damage. [a shining eye]
  2224 | D        | Gained mutation: Potions cannot restore your health. [a
                  | shining eye]
  2235 | D        | Gained mutation: You occasionally lose the ability to read
                  | scrolls when taking damage. [a shining eye]
  2235 | D        | Gained mutation: You occasionally lose the ability to drink
                  | potions when taking damage. [a shining eye]
  2237 | D        | Gained mutation: Your magical capacity is low. (-10% MP) [a
                  | shining eye]
  2240 | D        | Reached skill level 15 in Invocations
  2240 | D        | Gained mutation: Your magical capacity is very low. (-20%
                  | MP) [a shining eye]
  2246 | D        | Gained mutation: You have terrible hidden genetic defects.
                  | [a shining eye]
  2251 | D        | Arena points: 3030 (+260) [x2]
  2306 | D        | Round 14.
  2395 | D        | Noticed an iron dragon
  2405 | D        | Killed an iron dragon
  2421 | D        | Noticed an iron dragon
  2433 | D        | Killed an iron dragon
  2436 | D        | Noticed Roxanne
  2445 | D        | Gained mutation: You are vulnerable to cold. (rC-) [hidden
                  | defects]
  2463 | D        | Arena points: 3170 (+140) [x1]
  2474 | D        | Round 15.
  2482 | D        | Bought 4 potions of curing for 84 gold pieces
  2482 | D        | Bought 3 potions of heal wounds for 105 gold pieces
  2482 | D        | Bought 3 potions of heal wounds for 105 gold pieces
  2501 | D        | Bought 2 potions of mutation for 112 gold pieces
  2501 | D        | Lost mutation: You occasionally shout uncontrollably at
                  | your foes. [potion of mutation]
  2501 | D        | Lost mutation: You sometimes lose your temper in combat.
                  | [potion of mutation]
  2501 | D        | Gained mutation: You are agile. (Dex +4, Str/Int -1)
                  | [potion of mutation]
  2501 | D        | Lost mutation: You have terrible hidden genetic defects.
                  | [potion of mutation]
  2502 | D        | Lost mutation: Your magical capacity is very low. (-20% MP)
                  | [potion of mutation]
  2502 | D        | Lost mutation: You occasionally lose the ability to drink
                  | potions when taking damage. [potion of mutation]
  2502 | D        | Lost mutation: You are dopey. (Int -2) [potion of mutation]
  2502 | D        | Gained mutation: You are weak. (Str -2) [potion of
                  | mutation]
  2521 | D        | Noticed Agnes
  2529 | D        | Killed Agnes
  2529 | D        | Identified the +0 hat of Guch {rC+ Regen+ Int-4} (You found
                  | it in the Dungeon)
  2529 | D        | Arena points: 3665 (+495) [x3]
  2533 | D        | Got a mossy rune of Zot
  2546 | D        | Bought 3 potions of mutation for 168 gold pieces
  2546 | D        | Lost mutation: You have hidden genetic defects. [potion of
                  | mutation]
  2546 | D        | Lost mutation: Your magical capacity is low. (-10% MP)
                  | [potion of mutation]
  2546 | D        | Lost mutation: Potions cannot restore your health. [potion
                  | of mutation]
  2546 | D        | Gained mutation: You are resistant to electric shocks.
                  | (rElec) [potion of mutation]
  2547 | D        | Lost mutation: Your spells are a little easier to cast, but
                  | a little less powerful. [potion of mutation]
  2547 | D        | Lost mutation: You are frail. (-10% HP) [potion of
                  | mutation]
  2547 | D        | Lost mutation: You are agile. (Dex +4, Str/Int -1) [potion
                  | of mutation]
  2547 | D        | Lost mutation: Potions are less effective at restoring your
                  | health. [potion of mutation]
  2548 | D        | Lost mutation: You are partially covered in iridescent
                  | scales. (AC +2) [potion of mutation]
  2548 | D        | Lost mutation: You are resistant to electric shocks.
                  | (rElec) [potion of mutation]
  2548 | D        | Gained mutation: You are very weak. (Str -4) [potion of
                  | mutation]
  2548 | D        | Gained mutation: You are partially covered in iridescent
                  | scales. (AC +2) [potion of mutation]
  2549 | D        | Bought a potion of mutation for 56 gold pieces
  2549 | D        | Lost mutation: You are partially covered in iridescent
                  | scales. (AC +2) [potion of mutation]
  2549 | D        | Lost mutation: You occasionally lose the ability to read
                  | scrolls when taking damage. [potion of mutation]
  2549 | D        | Gained mutation: You passively map a small area around you.
                  | [potion of mutation]
  2549 | D        | Gained mutation: You are clumsy. (Dex -2) [potion of
                  | mutation]
  2722 | D        | Round 16.
  2723 | D        | Bought 2 potions of heal wounds for 70 gold pieces
  2724 | D        | Reached XP level 15. HP: 118/118 MP: 17/26
  2731 | D        | Reached skill level 16 in Invocations
  2782 | D        | Reached skill level 10 in Evocations
  2810 | D        | Noticed a nagaraja
  2810 | D        | Noticed a nagaraja
  2820 | D        | Killed a nagaraja
  2824 | D        | Killed a nagaraja
  2824 | D        | Arena points: 4561 (+896) [x4]
  2854 | D        | Bought a crude hat for 315 gold pieces
  2854 | D        | Identified the +2 hat of Mico Ykh {-Cast -Tele rPois
                  | Stlth+} (You bought it in a shop in the Dungeon)
  2854 | D        | Bought a heavily runed kite shield for 332 gold pieces
  2854 | D        | Identified the +1 kite shield of Light {rC+ Int+4 Stlth+}
                  | (You bought it in a shop in the Dungeon)
  2881 | D        | Round 17.
  2992 | D        | Noticed an emperor scorpion
  2993 | D        | Noticed a ghost moth
  3002 | D        | Killed an emperor scorpion
  3003 | D        | Reached skill level 17 in Invocations
  3003 | D        | Killed a ghost moth
  3009 | D        | Arena points: 5581 (+1020) [x5]
  3026 | D        | Bought 5 potions of heal wounds for 500 gold pieces
  3062 | D        | Bought 3 potions of mutation for 168 gold pieces
  3062 | D        | Bought 2 potions of mutation for 112 gold pieces
  3062 | D        | Bought a potion of mutation for 56 gold pieces
  3062 | D        | Lost mutation: You are clumsy. (Dex -2) [potion of
                  | mutation]
  3062 | D        | Lost mutation: Your body sometimes deteriorates upon taking
                  | damage. [potion of mutation]
  3062 | D        | Lost mutation: You are very weak. (Str -4) [potion of
                  | mutation]
  3062 | D        | Gained mutation: You occasionally lose the ability to read
                  | scrolls when taking damage. [potion of mutation]
  3062 | D        | Gained mutation: You are very weak. (Str -4) [potion of
                  | mutation]
  3063 | D        | Lost mutation: You passively map a small area around you.
                  | [potion of mutation]
  3063 | D        | Lost mutation: You are very weak. (Str -4) [potion of
                  | mutation]
  3063 | D        | Gained mutation: You are very weak. (Str -4) [potion of
                  | mutation]
  3063 | D        | Gained mutation: Your spells are a little harder to cast,
                  | but a little more powerful. [potion of mutation]
  3063 | D        | Gained mutation: You are partially covered in iridescent
                  | scales. (AC +2) [potion of mutation]
  3064 | D        | Lost mutation: You are vulnerable to cold. (rC-) [potion of
                  | mutation]
  3064 | D        | Lost mutation: You are partially covered in iridescent
                  | scales. (AC +2) [potion of mutation]
  3064 | D        | Lost mutation: You are very weak. (Str -4) [potion of
                  | mutation]
  3064 | D        | Lost mutation: You are weak. (Str -2) [potion of mutation]
  3064 | D        | Gained mutation: One of your tentacles bears a spike.
                  | [potion of mutation]
  3070 | D        | Round 18.
  3124 | D        | Reached XP level 16. HP: 128/128 MP: 19/28
  3199 | D        | Arena points: 6877 (+1296) [x6]
  3215 | D        | Bought a slimy tower shield for 332 gold pieces
  3215 | D        | Identified the +1 tower shield "Doodgh" {rC+} (You bought
                  | it in a shop in the Dungeon)
  3258 | D        | Round 19.
  3263 | D        | Noticed a Killer Klown
  3270 | D        | Killed a Killer Klown
  3271 | D        | Reached skill level 18 in Invocations
  3339 | D        | Noticed a Killer Klown
  3346 | D        | Killed a Killer Klown
  3366 | D        | Noticed a Killer Klown
  3370 | D        | Noticed a Killer Klown
  3371 | D        | a Killer Klown changed into a titan
  3371 | D        | Noticed a titan
  3372 | D        | Killed a titan
  3379 | D        | Killed a Killer Klown
  3390 | D        | Arena points: 9138 (+2261) [x7]
  3420 | D        | Bought a quad damage for 400 gold pieces
  3439 | D        | Round 20.
  3451 | D        | Noticed an acid blob
  3456 | D        | Gained mutation: You are frail. (-10% HP) [a shining eye]
  3457 | D        | Killed an acid blob
  3457 | D        | Gained mutation: You have hidden genetic defects. [a
                  | shining eye]
  3458 | D        | Reached skill level 19 in Invocations
  3460 | D        | Gained mutation: Your body sometimes deteriorates upon
                  | taking damage. [a shining eye]
  3471 | D        | Identified the +0 kite shield of Adghej {+Blink rF- rN++
                  | Will+} (You found it in the Dungeon)
  3471 | D        | Arena points: 11478 (+2340) [x9]
  3474 | D        | Got a slimy rune of Zot
  3663 | D        | Round 21.
  3692 | D        | Reached skill level 15 in Evocations
  3753 | D        | Gained mutation: You occasionally shout uncontrollably at
                  | your foes. [hidden defects]
  3765 | D        | Arena points: 15048 (+3570) [x10]
  3796 | D        | Bought 5 scrolls of blinking for 375 gold pieces
  3796 | D        | Bought 4 scrolls of blinking for 300 gold pieces
  3796 | D        | Bought 3 scrolls of blinking for 225 gold pieces
  3823 | D        | Bought 2 potions of experience for 600 gold pieces
  3823 | D        | Reached skill level 20 in Invocations
  3823 | D        | Reached XP level 17. HP: 125/125 MP: 20/31
  3824 | D        | Reached XP level 18. HP: 130/130 MP: 20/32
  3825 | D        | Reached XP level 19. HP: 136/136 MP: 20/33
  3839 | D        | Round 22.
  3916 | D        | Gained mutation: You sometimes lose your temper in combat.
                  | [hidden defects]
  3916 | D        | Lost mutation: You have hidden genetic defects. [hidden
                  | defects expressed]
  3919 | D        | Lost mutation: You are frail. (-10% HP) [potion of
                  | mutation]
  3919 | D        | Lost mutation: Your body sometimes deteriorates upon taking
                  | damage. [potion of mutation]
  3919 | D        | Lost mutation: Your spells are a little harder to cast, but
                  | a little more powerful. [potion of mutation]
  3919 | D        | Gained mutation: You have very sharp teeth. [potion of
                  | mutation]
  3919 | D        | Gained mutation: Your magical capacity is low. (-10% MP)
                  | [potion of mutation]
  3923 | D        | Reached XP level 20. HP: 71/160 MP: 0/30
  3949 | D        | Arena points: 19404 (+4356) [x11]
  3958 | D        | Lost mutation: You have very sharp teeth. [potion of
                  | mutation]
  3958 | D        | Lost mutation: Your magical capacity is low. (-10% MP)
                  | [potion of mutation]
  3958 | D        | Gained mutation: Your flesh is heat resistant. (rF+)
                  | [potion of mutation]
  3958 | D        | Gained mutation: You frequently scream uncontrollably at
                  | your foes. [potion of mutation]
  3958 | D        | Gained mutation: You have a pair of small antennae on your
                  | head. [potion of mutation]
  3958 | D        | Gained mutation: You are somewhat resistant to further
                  | mutation. [potion of mutation]
  3990 | D        | Round 23.
  3995 | D        | Reached skill level 21 in Invocations
  4016 | D        | Bought 3 potions of experience for 900 gold pieces
  4016 | D        | Reached XP level 21. HP: 167/167 MP: 13/35
  4017 | D        | Reached XP level 22. HP: 174/174 MP: 13/36
  4018 | D        | Reached XP level 23. HP: 180/180 MP: 13/37
  4019 | D        | Bought 3 potions of experience for 900 gold pieces
  4019 | D        | Reached XP level 24. HP: 187/187 MP: 13/37
  4020 | D        | Reached XP level 25. HP: 192/192 MP: 14/37
  4021 | D        | Reached XP level 26. HP: 199/199 MP: 14/37
  4022 | D        | Bought a potion of experience for 300 gold pieces
  4022 | D        | Bought a potion of experience for 300 gold pieces
  4022 | D        | Reached XP level 27. HP: 206/206 MP: 14/37
  4065 | D        | Lost mutation: You sometimes lose your temper in combat.
                  | [potion of mutation]
  4065 | D        | Lost mutation: You have a pair of small antennae on your
                  | head. [potion of mutation]
  4065 | D        | Lost mutation: You are somewhat resistant to further
                  | mutation. [potion of mutation]
  4065 | D        | Lost mutation: Your flesh is heat resistant. (rF+) [potion
                  | of mutation]
  4070 | D        | Reached skill level 22 in Invocations
  4099 | D        | Arena points: 23820 (+4416) [x12]
  4151 | D        | Round 24.
  4174 | D        | Arena points: 28500 (+4680) [x13]
  4224 | D        | Round 25.
  4243 | D        | Arena points: 33750 (+5250) [x15]
  4246 | D        | Got a silver rune of Zot
  4430 | D        | Round 26.
  4443 | D        | Reached skill level 23 in Invocations
  4549 | D        | Arena points: 42070 (+8320) [x16]
  4564 | D        | Bought 3 potions of heal wounds for 105 gold pieces
  4564 | D        | Bought 3 potions of heal wounds for 105 gold pieces
  4564 | D        | Bought 3 potions of heal wounds for 105 gold pieces
  4564 | D        | Bought 3 potions of heal wounds for 105 gold pieces
  4588 | D        | Bought 5 potions of heal wounds for 500 gold pieces
  4588 | D        | Bought a quad damage for 400 gold pieces
  4588 | D        | Bought a quad damage for 400 gold pieces
  4604 | D        | Bought a potion of curing for 45 gold pieces
  4614 | D        | Round 27.
  4637 | D        | Bought 4 scrolls of enchant armour for 300 gold pieces
  4637 | D        | Bought 4 scrolls of enchant armour for 300 gold pieces
  4652 | D        | Found the +4 dragonskin cloak
  4652 | D        | Noticed Tiamat
  4671 | D        | Killed Tiamat
  4682 | D        | Reached skill level 24 in Invocations
  4687 | D        | Noticed an ancient lich
  4694 | D        | Killed an ancient lich
  4780 | D        | Arena points: 42529 (+459) [x1]
  4788 | D        | Bought 5 scrolls of blinking for 375 gold pieces
  4788 | D        | Bought 4 scrolls of blinking for 300 gold pieces
  4788 | D        | Bought 3 scrolls of blinking for 225 gold pieces
  4950 | D        | Round 28.
  4974 | D        | Reached skill level 25 in Invocations
  4975 | D        | Gained mutation: Your spells are a little easier to cast,
                  | but a little less powerful. [a cacodemon]
  5059 | D        | Arena points: 43481 (+952) [x2]
  5122 | D        | Round 29.
  5216 | D        | Reached skill level 26 in Invocations
  5219 | D        | Paralysed by a floating eye for 3 turns
  5249 | D        | Paralysed by a floating eye for 4 turns
  5254 | D        | Arena points: 45221 (+1740) [x3]
  5275 | D        | Round 30.
  5286 | D        | Noticed Antaeus
  5313 | D        | HP: 9/217 [Antaeus (12)]
  5316 | D        | Demolished by Antaeus

Illustrated notes

Levels and vault maps discovered:
D:        arena_sprint

Skill      XL: |  1  2  3  4  5  6  7  8  9 10 11 12 13 14 15 16 17 18 19 20 21 22 23 24 25 26 27 |
---------------+----------------------------------------------------------------------------------+-----
Fighting       | 4 5 6 8 9 10 11 12 13 14 15 16 18 20 21 25 | 25.5
Axes           | 3 4 5 6 8 9 10 11 12 13 14 15 16 17 20 21 25 | 25.5
Dodging        | 4 5 6 8 9 10 11 12 13 14 15 16 18 20 21 25 | 25.6
Shields        | 4 5 6 8 9 10 11 12 13 14 15 16 18 20 21 25 | 25.6
Invocations    | 5 10 13 14 15 17 20 21 26 | 26.4
Evocations     | 5 9 12 15 16 17 23 | 23.7

Action                     |  1- 3 |  4- 6 |  7- 9 | 10-12 | 13-15 | 16-18 | 19-21 | 22-24 | 25-27 || total
---------------------------+-------+-------+-------+-------+-------+-------+-------+-------+-------++-------
  Melee: War axe           |     6 |    14 |    15 |       |       |       |       |       |       ||    35
         Constrict         |     2 |     3 |     9 |    17 |    23 |    23 |    10 |       |    13 ||   100
         Tentacles         |     1 |     3 |     8 |    51 |    59 |    42 |    15 |       |    80 ||   259
         Broad axe         |       |       |    12 |   142 |   181 |   117 |    50 |       |   179 ||   681
         Punch             |       |       |       |     4 |       |     2 |     1 |       |     5 ||    12
         Kick              |       |       |       |       |     9 |    69 |    23 |       |   124 ||   225
         Bite              |       |       |       |       |       |       |     1 |       |       ||     1
 Invoke: Disaster Area     |       |       |       |       |     1 |       |       |       |     4 ||     5
         Upheaval          |       |       |       |       |       |       |       |       |     2 ||     2
         Elemental Force   |       |       |       |       |       |       |       |       |     1 ||     1
Ability: Evoke Blink       |       |       |       |       |       |       |       |       |     1 ||     1
  Evoke: Wand              |       |     4 |     1 |     3 |     7 |       |       |       |       ||    15
    Use: Potion            |       |     2 |       |     3 |    13 |     4 |     4 |     3 |     8 ||    37
         Scroll            |       |       |       |     9 |     1 |       |       |       |     3 ||    13
 Armour: Skin              |       |       |       |       |       |       |       |       |     1 ||     1
  Dodge: Dodged            |     2 |     5 |     9 |    81 |   124 |    37 |    27 |       |   145 ||   430
         Repelled          |       |       |       |     3 |     3 |       |       |       |    13 ||    19
  Block: Buckler           |     1 |     7 |    11 |   126 |   132 |       |       |       |       ||   277
         Reflection        |       |       |       |     3 |     5 |     2 |     2 |       |   124 ||   136
         Kite shield       |       |       |       |       |    61 |    11 |       |       |       ||    72
         Tower shield      |       |       |       |       |       |   135 |    78 |       |   394 ||   607

Table legend: (Time is in decaauts)
 A = Elapsed time spent in this place.
 B = Non-inter-level travel time spent in this place.
 C = Inter-level travel time spent in this place.
 D = Time resting spent in this place.
 E = Time spent auto-exploring this place.
 F = Levels seen in this place.
 G = Mean time per level.
                   A        B        C        D        E       F      G
               +--------+--------+--------+--------+--------+-----+--------+
         Total |   5412 |   5412 |      0 |   2058 |    282 |   1 | 5412.0 |
       Dungeon |   5412 |   5412 |      0 |   2058 |    282 |   1 | 5412.0 |
               +--------+--------+--------+--------+--------+-----+--------+

Top non-repeatable levels by time:
       D: 5412 daAuts
